 Dungeon Crawl Stone Soup version 0.24-a0-375-g4de66ed42b (webtiles) character file.

259 funkygono the Conjurer (level 5, -1/40 HPs)
             Began as a Draconian Conjurer on Dec 11, 2017.
             Slain by an orc wizard
             ... wielding a +0 dagger
              (4 damage)
             ... on level 4 of the Dungeon on June 1, 2019.
             The game lasted 00:12:56 (3784 turns).

funkygono the Conjurer (Draconian Conjurer)         Turns: 3784, Time: 00:12:57

Health: -1/40      AC:  6    Str: 11    XL:     5   Next: 95%
Magic:  9/19       EV: 12    Int: 16    God:
Gold:   183        SH:  0    Dex: 11    Spells: 5/11 levels left

rFire    . . .     SeeInvis .   e - +0 whip
rCold    . . .     Gourm    .   (no shield)
rNeg     . . .     Faith    .   (armour unavailable)
rPois    .         Spirit   .   (helmet restricted)
rElec    .         Reflect  .   (no cloak)
rCorr    .         Harm     .   (no gloves)
MR       .....                  i - +0 pair of boots
Stlth    ++........             (no amulet)
HPRegen  0.13/turn              l - ring of wizardry
MPRegen  0.16/turn              o - ring of magical power

@: flying, very slightly contaminated, hasted and slowed
A: unfitting armour, cold-blooded, AC +5
a: no special abilities


You were on level 4 of the Dungeon.
You were hungry.

You visited 1 branch of the dungeon, and saw 4 of its levels.

You collected 183 gold pieces.

Inventory:

Hand Weapons
 e - a +0 whip (weapon)
Missiles
 c - 47 stones (quivered)
Armour
 i - a +0 pair of boots (worn)
Jewellery
 l - a ring of wizardry (left hand)
 o - a ring of magical power (right hand)
Scrolls
 h - a scroll of immolation {unknown}
 j - 4 scrolls of identify
 k - a scroll of blinking
 n - a scroll of teleportation
Potions
 d - a potion of lignification
 g - a potion of agility
 m - 2 potions of flight
Comestibles
 b - 11 rations
 f - a ration


   Skills:
 + Level 1.5 Fighting
 + Level 0.1 Maces & Flails
 + Level 2.2 Dodging
 + Level 2.4 Stealth
 - Level 1.0 Unarmed Combat
 * Level 3.6 Spellcasting
 * Level 5.4 Conjurations


You had 5 spell levels left.
You knew the following spells:

 Your Spells              Type           Power        Failure   Level  Hunger
a - Magic Dart            Conj           ###.         1%          1    None
b - Searing Ray           Conj           ###...       1%          2    ##.....
c - Dazzling Spray        Conj/Hex       ##....       7%          3    ###....

Your spell library contained the following spells:

 Spells                   Type           Power        Failure   Level  Hunger
 Iskenderun's Mystic Bla  Conj           ###.....     8%          4    ####...
 Force Lance              Conj/Tloc      ##......     22%         4    ####...
 Fulminant Prism          Conj/Hex       ##........   22%         4    ####...


Dungeon Overview and Level Annotations

Branches:
Dungeon (4/15)
 Temple: D:4-7

Altars:
Nemelex Xobeh
Qazlal
Vehumet

Annotations:
D:3 3 runed translucent doors, Borgoz's ghost, amateur GrGl


Innate Abilities, Weirdness & Mutations

Your plain brown scales are hard. (AC +5)
You cannot fit into any form of body armour.
You are cold-blooded and may be slowed by cold attacks.


Message History

You kill the orc!
The orc wizard hits you with a +0 dagger.
* * * LOW HITPOINT WARNING * * *
The orc wizard closely misses you.
The orc wizard gestures at you while chanting.
You feel as though you will be slow longer.
The orc wizard hits you but does no damage.
It was a potion of flight.
You feel very buoyant.
You fly up into the air.
The orc wizard points at you and mumbles some strange words.
You resist with some effort.
The orc wizard hits you but does no damage.
The orc wizard barely misses you.
The orc wizard hits you with a +0 dagger.
* * * LOW HITPOINT WARNING * * *
It was a potion of haste.
You feel yourself speed up. The orc wizard closely misses you.
The orc wizard hits you with a +0 dagger.
You die...

#..## . ...< ... #..####
..### #.....# ....###
####.....#### ......#
##.#.........#
...#..#####..#........>##
...##..##........o......##.#
...##...........@o..........
<..##....#.......##.........
...#..............##.###....
.................###..# ##
............#...#....)#
...##......##...#..##.o
....#.#....###.....#....
....###...^# #..... .....
##... ..... .... .......


You could see 2 orc wizards.

Vanquished Creatures
  A hound (D:4)
  2 orc wizards (D:3)
  8 adders
  An ooze (D:3)
  2 worms (D:2)
  5 dart slugs
  A leopard gecko (D:1)
  8 orcs
  3 ball pythons (D:2)
  8 bats
  4 giant cockroaches
  10 goblins
  8 hobgoblins
  2 jackals (D:3)
  2 quokkas (D:2)
  5 frilled lizards
  5 kobolds
  4 rats
79 creatures vanquished.

Notes
Turn   | Place    | Note
-------+----------+-------------------------------------------
     0 | D:1      | funkygono the Draconian Conjurer began the quest for the
                  | Orb.
     0 | D:1      | Reached XP level 1. HP: 14/14 MP: 3/3
   218 | D:1      | Reached XP level 2. HP: 17/20 MP: 1/5
   690 | D:1      | Reached XP level 3. HP: 25/26 MP: 1/6
   816 | D:1      | Upgraded the game from 0.23-a0-301-g9da9e51 to
                  | 0.24-a0-375-g4de66ed42b
  1323 | D:2      | Learned a level 2 spell: Searing Ray
  1327 | D:2      | Learned a level 3 spell: Dazzling Spray
  1417 | D:2      | Reached skill level 1 in Unarmed Combat
  2002 | D:2      | Reached XP level 4. HP: 33/33 MP: 3/7
  2309 | D:2      | Reached skill level 5 in Conjurations
  2869 | D:3      | Reached XP level 5. HP: 38/38 MP: 0/9
  3080 | D:3      | Found a runed translucent gate.
  3081 | D:3      | Found a runed translucent gate.
  3082 | D:3      | Found a runed translucent gate.
  3086 | D:3      | Noticed Borgoz's ghost (amateur GrGl)
  3322 | D:3      | Noticed a water elemental
  3325 | D:3      | Found a stormy altar of Qazlal.
  3373 | D:3      | Found a radiant altar of Vehumet.
  3373 | D:3      | Found a sparkling altar of Nemelex Xobeh.
  3514 | D:3      | Reached skill level 1 in Fighting
  3668 | D:3      | Noticed an air elemental
  3668 | D:3      | Noticed a fire elemental
  3783 | D:4      | HP: 2/40 [orc wizard/+0 dagger (1)]
  3784 | D:4      | Slain by an orc wizard

Levels and vault maps discovered:
D:1:      nagdon_arrival_double_spiral
D:2:      layout_loops_ring, first_ration, serial_glass, glass_columns_b,
          glass_columns_a, minmay_goblin_kobold_house
D:3:      layout_rooms, gammafunk_temple_overflow_statue,
          gammafunk_ghost_necromancy, nicolae_qazlal_style_of_elements
D:4:      layout_cave_pools, kennysheep_mini, gammafunk_temple_overflow_pools,
          minmay_fractal_squares_gapless_5

Skill      XL: |  1  2  3  4  5 |
---------------+----------------+-----
Dodging        | 2 |  2.2
Unarmed Combat | 1 |  1.0
Stealth        | 2 |  2.4
Conjurations   | 5 |  5.4
Spellcasting   | 3 |  3.6
Fighting       | 1 |  1.5
Maces & Flails | |  0.1

Action                   |  1- 3 |  4- 6 || total
-------------------------+-------+-------++-------
Melee: Unarmed           |    30 |       ||    30
       Tailslap          |     2 |       ||     2
       Whip              |     5 |     6 ||    11
 Cast: Magic Dart        |    90 |    74 ||   164
       Searing Ray       |     4 |    10 ||    14
       Dazzling Spray    |       |     3 ||     3
  Use: Scroll            |     4 |     2 ||     6
       Potion            |       |     2 ||     2
  Eat: Chunk             |     5 |     6 ||    11
Armor: Skin              |    25 |     9 ||    34
Dodge: Dodged            |    77 |    29 ||   106

Table legend:
 A = Non-vault XP
 B = Vault XP
 C = Vault XP percentage of total XP
 D = Non-vault monster count
 E = Vault monster count
 F = Vault count percentage of total count
                 A         B        C        D         E       F
            +---------+---------+-------+---------+---------+-------
      Total |     371 |       0 |   0.0 |      79 |       0 |   0.0
            +---------+---------+-------+---------+---------+-------
        D:1 |      61 |       0 |   0.0 |      31 |       0 |   0.0
        D:2 |      66 |       0 |   0.0 |      20 |       0 |   0.0
        D:3 |     199 |       0 |   0.0 |      25 |       0 |   0.0
        D:4 |      45 |       0 |   0.0 |       3 |       0 |   0.0
            +---------+---------+-------+---------+---------+-------
